 Dungeon Crawl Stone Soup version 0.21.1-1-g345015f (webtiles) character file.

72 inc the Chiller (level 4, -1/27 HPs)
             Began as an Octopode Ice Elementalist on May 1, 2018.
             Slain by a gnoll
             ... wielding a +0 spear
              (3 damage)
             ... on level 2 of the Dungeon.
             The game lasted 00:03:13 (1901 turns).

inc the Chiller (Octopode Ice Elementalist)         Turns: 1901, Time: 00:03:14

Health: -1/27      AC:  1    Str:  7    XL:     4   Next: 26%
Magic:  4/7        EV:  7    Int: 18    God:
Gold:   107        SH:  0    Dex: 12    Spells: 6/7 levels left

rFire    . . .     SeeInvis .   i - +0 short sword (curse)
rCold    . . .     Gourm    .   (no shield)
rNeg     . . .     Faith    .   (helmet restricted)
rPois    +         Spirit   .   (no amulet)
rElec    .         Reflect  .   g - ring of poison resistance
rCorr    .         Harm     .   (no ring)
MR       .....                  l - ring of stealth
Stlth    ++++......             (no ring)
HPRegen  0.09/turn              (no ring)
MPRegen  0.10/turn              (no ring)
                                (no ring)
                                (no ring)

@: held
A: almost no armour, stealthy swim, amphibious, 8 rings, constrict 8, camouflage
1, gelatinous body 1
a: no special abilities


You were on level 2 of the Dungeon.
You were not hungry.

You visited 1 branch of the dungeon, and saw 2 of its levels.

You collected 107 gold pieces.

Inventory:

Hand Weapons
 i - a cursed +0 short sword (weapon)
 j - a +1 dagger of venom
Jewellery
 g - a ring of poison resistance (left tentacle)
 h - an uncursed ring of fire
 l - a ring of stealth (on tentacle)
Scrolls
 c - a scroll of remove curse {unknown}
 e - a scroll of fog {unknown}
 f - 2 scrolls of identify
 k - a scroll of magic mapping {unknown}
Books
 a - a book of Frost

   Spells                             Type                      Level
   a - Freeze                         Ice                          1
   b - Throw Frost                    Conjuration/Ice              2
   c - Ozocubu's Armour               Charms/Ice                   3
   d - Throw Icicle                   Conjuration/Ice              4
   e - Summon Ice Beast               Ice/Summoning                4
Comestibles
 b - 2 rations


   Skills:
 - Level 2.0 Dodging
 - Level 2.6 Stealth
 - Level 2.0 Spellcasting
   Level 1.0 Conjurations
 + Level 5.0 Ice Magic


You had 6 spell levels left.
You knew the following spells:

 Your Spells              Type           Power        Failure   Level  Hunger
a - Freeze                Ice            ###.         2%          1    #......


Dungeon Overview and Level Annotations

Branches:
Dungeon (2/15)

Altars:


Innate Abilities, Weirdness & Mutations

You cannot wear most types of armour.
You are very stealthy in the water. (Stealth+)
You are amphibious.
You can wear up to eight rings at the same time.
You can use your tentacles to constrict eight enemies at once.
Your skin changes colour to match your surroundings (Stealth+).
Your rubbery body absorbs attacks. (AC +1, EV +1)


Message History

You kill the kobold!
The gnoll hits you from afar with a spear!
* * * LOW HITPOINT WARNING * * *
Unknown command.
The gnoll throws a throwing net.
The throwing net hits you.
You become entangled in the net!
You see here a throwing net.
You struggle against the net.
The gnoll barely misses you.
You feel better.
The gnoll hits you from afar with a spear!
* * * LOW HITPOINT WARNING * * *
The gnoll hits you but does no damage.
You feel better.
The gnoll hits you from afar with a spear.
* * * LOW HITPOINT WARNING * * *
The gnoll hits you from afar with a spear.
* * * LOW HITPOINT WARNING * * *
You struggle against the net.
The gnoll hits you from afar with a spear.
You die...

..##........##
##..####.#
####.#.....## #...#
#.# ####.##...## #.#.#
#.# .....###+## #.#.#
#.# ######## #.#.###.#
....## ####.......#
#g<#. g.###.#####
##..g. #.# #.#
##.....#####@# #.#
.###........g.##.# #.#
.....##..#.##(##g###.#
.### # #. #..).....#
#. ####.##### #. #.#
#. ..# ## ####


You could see 2 gnolls.

Vanquished Creatures
  A gnoll (D:2)
  An adder (D:2)
  An ooze (D:2)
  A worm (D:2)
  2 dart slugs
  3 giant cockroaches
  9 goblins
  3 hobgoblins
  6 kobolds
  4 bats
  3 frilled lizards
  8 rats
42 creatures vanquished.

Notes
Turn   | Place    | Note
-------+----------+-------------------------------------------
     0 | D:1      | inc the Octopode Ice Elementalist began the quest for the Orb.
     0 | D:1      | Reached XP level 1. HP: 11/11 MP: 3/3
   201 | D:1      | Reached XP level 2. HP: 17/17 MP: 1/5
   769 | D:2      | Reached skill level 4 in Ice Magic
  1004 | D:2      | Reached XP level 3. HP: 21/21 MP: 4/6
  1627 | D:2      | Reached XP level 4. HP: 17/27 MP: 4/7
  1892 | D:2      | Reached skill level 5 in Ice Magic
  1901 | D:2      | Slain by a gnoll

Skill      XL: |  1  2  3  4 |
---------------+-------------+-----
Ice Magic      | 4 5 |  5.0
Dodging        | |  2.0
Stealth        | |  2.6
Spellcasting   | |  2.0
Conjurations   | |  1.0

Action                   |  1- 3 |  4- 6 || total
-------------------------+-------+-------++-------
Melee: Unarmed           |    37 |       ||    37
       Constrict         |    12 |     1 ||    13
       Tentacles         |     8 |     1 ||     9
       Short sword       |       |     3 ||     3
 Cast: Freeze            |    46 |     6 ||    52
  Use: Scroll            |       |     2 ||     2
       Potion            |       |     2 ||     2
 Stab: Sleeping          |     2 |       ||     2
  Eat: Chunk             |     3 |     1 ||     4
Armor: Skin              |     3 |     2 ||     5
Dodge: Dodged            |    43 |     5 ||    48
